 Dungeon Crawl Stone Soup version 0.29-a0-334-gb41bcbb86e (webtiles) character file.

Game seed: 8751393075423645910

18 spaghetti the Ogre Mage (level 2, 24/24 HPs)
             Began as an Ogre Fire Elementalist on Apr 15, 2022.
             Was a Follower of Wu Jian.
             Quit the game on level 1 of the Dungeon.
             The game lasted 00:01:58 (1465 turns).

spaghetti the Ogre Mage (Ogre Fire Elementalist)    Turns: 1465, Time: 00:02:00

Health: 24/24      AC:  3    Str: 11    XL:     2   Next: 66%
Magic:  6/6        EV:  9    Int: 16    God:    Wu Jian [*.....]
Gold:   23         SH:  0    Dex:  9    Spells: 7/8 levels left

rFire   . . .      SeeInvis .   (no weapon)
rCold   . . .      Faith    .   (no shield)
rNeg    . . .      Spirit   .   a - +0 robe
rPois   .          Reflect  .   (helmet restricted)
rElec   .          Harm     .   (no cloak)
rCorr   .          Rampage  .   (gloves unavailable)
Will    .....                   (boots unavailable)
Stlth   +.........              (no amulet)
HPRegen 0.08/turn               (no ring)
MPRegen 0.10/turn               (no ring)

@: no status effects
A: large, unfitting armour, tough skin 1
a: Renounce Religion


You were on level 1 of the Dungeon.
You worshipped Wu Jian.
Wu Jian was aware of your devotion.
You visited 1 branch of the dungeon, and saw 2 of its levels.

You collected 23 gold pieces.


Innate Abilities, Weirdness & Mutations

You are too large for most types of armour.
You have tough skin. (AC +1)


   Skills:
 - Level 1.7 Dodging
 - Level 1.4 Stealth
 + Level 3.6 Spellcasting
 - Level 0.8 Conjurations
 - Level 2.6 Fire Magic


You had 7 spell levels left.
You knew the following spells:

 Your Spells              Type           Power      Damage    Failure   Level
a - Foxfire               Conj/Fire      32%        2x1d5     9%          1

Your spell library contained the following spells:

 Spells                   Type           Power      Damage    Failure   Level
 Scorch                   Fire           22%        2d6       9%          2
 Ensorcelled Hibernation  Hex/Ice        4%         N/A       26%         2
 Conjure Flame            Conj/Fire      8%         6-21      26%         3
 Inner Flame              Hex/Fire       7%         N/A       30%         3
 Spider Form              Tmut/Pois      2%         N/A       45%         3
 Flame Wave               Conj/Fire      8%         2d5       63%         4
 Anguish                  Hex/Necr       1%         N/A       86%         4

Inventory:

Hand Weapons
 f - a +0 short sword {short}
   (You took it off a kobold on level 1 of the Dungeon)
 i - a +0 club {mace}
   (You took it off a goblin on level 1 of the Dungeon)
 j - a +0 dagger {short}
   (You took it off a goblin on level 1 of the Dungeon)
 l - a +0 short sword {short}
   (You took it off a kobold on level 1 of the Dungeon)
Missiles
 e - 5 poisoned darts {throwing}
 m - 4 stones {throwing}
Armour
 a - a +0 robe (worn)
Scrolls
 d - a scroll of enchant weapon {unknown}
 g - a scroll of amnesia {unknown}
 h - a scroll of teleportation {unknown}
 k - a scroll of identify {unknown}
Potions
 b - a potion of magic
 c - a potion of brilliance {unknown}
 n - a potion of curing {unknown}

Dungeon Overview and Level Annotations

Branches:
Dungeon (2/15)

Altars:
Wu Jian

### ### ##.###@#
#.#...## ##..8.⌠#
#.8..#######
##...#_#⌠#..#######
#.#⌠#∩#...#.......#
######..8.#######.#
####⌠.8..## #.#
#>###...#.# #.#


There were no monsters in sight!


Message History

😕 MP[-1]
You lost 1 mp, and now have 5/6 mp.
Casting: Foxfire (safe; 9% risk of failure)
Confirm with . or Enter, or press ? or * to list all spells.
You conjure some foxfire!
The foxfire hits the bat.
The bat barely misses you.
The hobgoblin hits you but does no damage. 😕 MP[-1]
You lost 1 mp, and now have 4/6 mp.
Casting: Foxfire (safe; 9% risk of failure)
Confirm with . or Enter, or press ? or * to list all spells.
There is not enough space to conjure foxfire!
Unknown command.
The foxfire hits the hobgoblin. x2
You kill the hobgoblin!
The bat hits you but does no damage. 😕 HP[+1]
Casting: Foxfire (safe; 9% risk of failure)
Confirm with . or Enter, or press ? or * to list all spells.
You conjure some foxfire!
The foxfire hits the bat.
You kill the bat! 😕 MP[-1]
You lost 1 mp, and now have 3/6 mp.
You start resting. 😎 HP[+2] MP[+2]
Your hp is fully restored (24).
You regained 2 mp, and now have 5/6 mp.
Unknown command.
Unknown command.
Unknown command.
Casting: Foxfire (safe; 9% risk of failure)
Confirm with . or Enter, or press ? or * to list all spells.
You conjure some foxfire! 😎 MP[-1]
You lost 1 mp, and now have 4/6 mp.
Key pressed, stopping explore.
Key pressed, stopping explore.
You now have 23 gold pieces (gained 14).
Key pressed, stopping explore.
Key pressed, stopping explore.
There is an open door here.
As you open the door, it creaks loudly!
A ball python and a kobold come into view.
The kobold shouts!
The ball python hisses angrily. 😎 MP[+2]
Your mp is fully restored (6).
There are monsters nearby!
There are monsters nearby!
There are monsters nearby!
There are monsters nearby!
There is an open door here.
Casting: Foxfire (safe; 9% risk of failure)
Confirm with . or Enter, or press ? or * to list all spells.
You conjure some foxfire!
The ball python closely misses you. 😎 MP[-1]
You lost 1 mp, and now have 5/6 mp.
Casting: Foxfire (safe; 9% risk of failure)
Confirm with . or Enter, or press ? or * to list all spells.
You conjure some foxfire!
The foxfire hits the ball python.
You kill the ball python!
The foxfire hits the kobold but does no damage.
The kobold hits you with a +0 short sword. 😕 HP[-1] MP[-1]
You take 1 damage, and now have 23/24 hp.
You lost 1 mp, and now have 4/6 mp.
Casting: Foxfire (safe; 9% risk of failure)
Confirm with . or Enter, or press ? or * to list all spells.
You conjure some foxfire!
The foxfire hits the kobold. x2
You kill the kobold! 😕 MP[-1]
You lost 1 mp, and now have 3/6 mp.
Casting: Foxfire (safe; 9% risk of failure)
Confirm with . or Enter, or press ? or * to list all spells.
You conjure some foxfire! 😕 MP[-1]
You lost 1 mp, and now have 2/6 mp.
l - a +0 short sword {short};
m - 4 stones {throwing} You see here a kobold corpse. 😎 HP[+1] MP[+4]
Your hp is fully restored (24).
Your mp is fully restored (6).
n - a golden potion You open the door.
There is an open door here.
Key pressed, stopping explore.
You open the door.
Key pressed, stopping explore.
Key pressed, stopping explore.
Found a faded altar of an unknown god.
There is a faded altar of an unknown god here.
You cannot tell which god this altar belongs to.
Convert to them anyway?
Wu Jian accepts your prayer! The Council welcomes you!
You can now perform damaging attacks by moving towards foes.
You can now lightly attack monsters by moving around them.
There is an empty arch of ancient stone here.
Found a stone staircase leading down.
There is an empty arch of ancient stone here.
Key pressed, stopping explore.
Done exploring.
Done exploring.
Okay, then.
Are you sure you want to abandon this character and quit the game? (Confirm with "yes".)

Skill      XL: |  1 |
---------------+----+-----
Spellcasting   | 3 |  3.6
Dodging        | |  1.7
Stealth        | |  1.4
Conjurations   | |  0.8
Fire Magic     | |  2.6

Action                   || total
-------------------------++-------
 Cast: Foxfire           ||    43
Armor: Robe              ||     4
Dodge: Dodged            ||    12

Levels and vault maps discovered:
D:1:      dpeg_arrival_yet_another_circle, layout_basic,
          shapermc_ecumenical_altar_venn, minivault_27
D:2:      layout_basic, serial_forest, infiniplex_forest_fountain,
          infiniplex_forest_clump_small, infiniplex_forest_clump_diagonal,
          infiniplex_forest_end_2, infiniplex_forest_clump_small,
          infiniplex_forest_clump_diagonal, infiniplex_forest_corner_2,
          serial_shops, shop, bh_walls_and_bars, uniq_terence,
          uniq_crazy_yiuf_cottage

Notes
Turn   | Place    | Note
-------+----------+-------------------------------------------
     0 | D:1      | spaghetti the Ogre Fire Elementalist began the quest for
                  | the Orb.
     0 | D:1      | Reached XP level 1. HP: 16/16 MP: 3/3
     0 | D:1      | magus.rc [v1.9.6]
   188 | D:1      | HP: 4/16 [frozen (4)]
   437 | D:1      | Reached skill level 3 in Spellcasting
   565 | D:1      | Reached XP level 2. HP: 9/24 MP: 1/6
   900 | D:1      | You pick up a book of Dreams and begin reading...
   900 | D:1      | You add the spells Ensorcelled Hibernation, Spider Form and
                  | Anguish to your library.
  1416 | D:1      | Found a faded altar of an unknown god.
  1420 | D:1      | Prayed at the altar of an unknown god.
  1420 | D:1      | Became a worshipper of the Wu Jian Council
  1420 | D:1      | Reached * piety under Wu Jian
  1465 | D:1      | Quit the game

Vanquished Creatures
  2 endoplasms (D:1)
  2 giant cockroaches (D:1)
  2 goblins (D:1)
  3 hobgoblins (D:1)
  2 kobolds (D:1)
  A ball python (D:1)
  2 bats (D:1)
  2 rats (D:1)
16 creatures vanquished.

Vanquished Creatures (others)
  71 foxfires (D:1)
71 creatures vanquished.

Grand Total: 87 creatures vanquished

Table legend:
 A = Non-vault XP
 B = Vault XP
 C = Vault XP percentage of total XP
 D = Non-vault monster count
 E = Vault monster count
 F = Vault count percentage of total count
                 A         B        C        D         E       F
            +---------+---------+-------+---------+---------+-------
      Total |      26 |       0 |   0.0 |      16 |       0 |   0.0
            +---------+---------+-------+---------+---------+-------
        D:1 |      26 |       0 |   0.0 |      16 |       0 |   0.0
            +---------+---------+-------+---------+---------+-------

Illustrated notes

Table legend:
 A = Kills in this place as a percentage of kills in entire the game.
 B = Kills by you in this place as a percentage of kills by you in the entire game.
 C = Kills by friends in this place as a percentage of kills by friends in the entire game.
 D = Other kills in this place as a percentage of other kills in the entire game.
 E = Experience gained in this place as a percentage of experience gained in the entire game.
 F = Experience gained in this place divided by the number of levels of this place that you have seen.
                   A       B       C       D       E      F
               +-------+-------+-------+-------+-------+----------------------
         Total | 100.0 | 100.0 |   N/A |   N/A | 100.0 |  13.0
       Dungeon | 100.0 | 100.0 |   N/A |   N/A | 100.0 |  13.0
               +-------+-------+-------+-------+-------+----------------------

Table legend: (Time is in decaauts)
 A = Elapsed time spent in this place.
 B = Non-inter-level travel time spent in this place.
 C = Inter-level travel time spent in this place.
 D = Time resting spent in this place.
 E = Time spent auto-exploring this place.
 F = Levels seen in this place.
 G = Mean time per level.
                   A        B        C        D        E       F      G
               +--------+--------+--------+--------+--------+-----+--------+
         Total |   1465 |   1465 |      0 |    184 |   1145 |   2 |  732.5 |
       Dungeon |   1465 |   1465 |      0 |    184 |   1145 |   2 |  732.5 |
               +--------+--------+--------+--------+--------+-----+--------+

Top non-repeatable levels by time:
     D:1: 1429 daAuts
     D:2: 35 daAuts
